 Dungeon Crawl Stone Soup version 0.30-a0-596-g0af90f9a20 (webtiles) character file.

Game seed: 16204788531206082044

314 Persephone the Sneak (level 6, -3/42 HPs)
             Began as an Octopode Brigand on Jan 6, 2023.
             Slain by Menkaure (6 damage)
             ... on level 4 of the Dungeon.
             The game lasted 00:07:14 (3291 turns).

Persephone the Sneak (Octopode Brigand)             Turns: 3291, Time: 00:07:15

Health: -3/42      AC:  1    Str:  8 (10) XL:     6   Next: 43%
Magic:  6/6        EV: 14    Int: 13      God:
Gold:   223        SH:  0    Dex: 16      Spells: 5/5 levels left

rFire   . . .      SeeInvis .    v - +0 short sword (speed)
rCold   . . .      Faith    .    (no shield)
rNeg    . . .      Spirit   .    (helmet restricted)
rPois   .          Reflect  .    (no amulet)
rElec   .          Harm     .    (no ring)
rCorr   .          Rampage  .    (no ring)
Will    .....                    (no ring)
Stlth   +++++                    (no ring)
HPRegen 0.27/turn                (no ring)
MPRegen 0.10/turn                (no ring)
                                 (no ring)
                                 (no ring)

@: no status effects
A: almost no armour, amphibious, 8 rings, camouflage 1, gelatinous body 1,
nimble swimmer 1, tentacles
a: no special abilities


You were on level 4 of the Dungeon.
You visited 1 branch of the dungeon, and saw 4 of its levels.

You collected 223 gold pieces.

Inventory:

Hand Weapons
 a - a +2 dagger
 i - a +3 dagger
 v - a +0 short sword of speed (weapon)
Missiles
 b - 5 poisoned darts (quivered)
 e - 3 boomerangs
 o - a throwing net
Wands
 n - a wand of charming (6)
 z - a wand of mindburst (11)
Scrolls
 d - a scroll of immolation {unknown}
 f - a scroll of vulnerability {unknown}
 h - 2 scrolls of poison {unknown}
 j - 2 scrolls of teleportation {unknown}
 l - a scroll of magic mapping {unknown}
 m - 2 scrolls of blinking {unknown}
 q - a scroll of fear {unknown}
 t - 2 scrolls of identify {unknown}
 y - 3 scrolls of enchant armour {unknown}
Potions
 c - a potion of curing {unknown}
 g - a potion of lignification {unknown}
 k - a potion of heal wounds {unknown}
 p - a potion of attraction {unknown}
 r - a potion of might {unknown}
 s - 2 potions of cancellation {unknown}
 u - a potion of mutation {unknown}
 w - a potion of haste {unknown}
 x - a potion of magic {unknown}


   Skills:
 - Level 3.3 Fighting
 * Level 4.0 Short Blades
 - Level 2.0 Throwing
 + Level 3.6 Dodging
 + Level 6.3 Stealth


You had 5 spell levels left.
You didn't know any spells.
Your spell library was empty.

Dungeon Overview and Level Annotations

Branches:
Dungeon (4/15)
 Temple: D:4-7

Altars:
Fedhas
Ru
Xom
Lugonu

Portals:
Abyss: D:4

Annotations:
D:4 Menkaure


Innate Abilities, Weirdness & Mutations

You cannot wear most types of armour.
You are amphibious.
You can wear up to eight rings at the same time.
Your skin changes colour to match your surroundings (Stealth+).
Your rubbery body absorbs attacks. (AC +1, EV +1)
You are camouflaged when in or above water. (Stealth+)
You have tentacles for arms and can constrict up to eight enemies at once.


Message History

Your Short Blades skill increases to level 4!
t - 2 scrolls labelled PAMEJONNYL (gained 1)
A kobold comes into view.
It is wielding a +0 short sword and quivering poisoned darts.
A kobold is nearby!
A kobold is nearby!
Found 18 gold pieces.
An adder comes into view.
A worm comes into view.
The helpless kobold fails to defend itself.
You impale the kobold!!
You kill the kobold!
Menkaure and a kobold come into view.
The kobold is wielding a +0 short sword and quivering poisoned darts.
The kobold shouts!
You hear an angry hiss.
Menkaure shouts!
A ball python comes into view.
A giant cockroach comes into view.
Menkaure giggles, "These cerements are ticklish..."
Menkaure gestures wildly while chanting.
Menkaure seems to speed up.
The kobold throws a poisoned dart.
The poisoned dart hits you!
You are poisoned.
You feel sick.
You feel sick.
The kobold throws a poisoned dart.
The poisoned dart barely misses you.
You feel sick.
Menkaure calls on the powers of darkness!
Your body is wracked with pain!
The ball python convulses!
You feel sick.
You feel sick.
Menkaure points at you and mumbles some strange words.
You barely resist.
You feel sick.
You feel sick.
You are no longer poisoned.
You enter the deep water.
You barely miss Menkaure. You grab Menkaure.
You constrict Menkaure, but do no damage.
Menkaure hits you!
* * * LOW HITPOINT WARNING * * *
You hit Menkaure but do no damage. You constrict Menkaure. Menkaure hits you.
You die...

#.(((..≈.#####.....≈.
#(.....≈.#....####.≈.#
#......≈.#.≈≈≈...#.≈.#
#......≈.#.≈_.≈≈.#.≈.#
##.....≈)#.≈...≈.#.≈.#
##...≈.#.≈.# ..#.≈.#
#...≈.#.≈.##._#.≈.#.......
##..≈.#.≈...###.≈.#........
#...≈.#$≈≈@≈....≈.#........
#?...≈.#....M≈≈≈≈≈.#........
#....≈.######......#.#......
##.#.≈.......#######........
#.#.≈≈≈≈≈≈≈≈...M...........
...........S.K.........
..^....................
...#.......##.##....... ..
###.....#####).#...$


You could see Menkaure (fast).

Vanquished Creatures
  An ogre (D:4)
  A jelly (D:4)
  Natasha (D:4)
  Robin (D:3)
  4 gnolls
  4 adders
  A worm (D:3)
  A dart slug (D:1)
  An orc (D:3)
  6 bats
  4 endoplasms
  6 giant cockroaches
  16 goblins
  5 hobgoblins
  10 jackals
  2 quokkas
  8 ball pythons
  2 frilled lizards (D:1)
  10 kobolds
  A rat (D:2)
  3 lurking horrors (D:4)
88 creatures vanquished.

Notes
Turn   | Place    | Note
-------+----------+-------------------------------------------
     0 | D:1      | Persephone the Octopode Brigand began the quest for the
                  | Orb.
     0 | D:1      | Reached XP level 1. HP: 14/14 MP: 1/1
   202 | D:1      | Reached XP level 2. HP: 20/20 MP: 2/2
   529 | D:1      | Reached XP level 3. HP: 14/25 MP: 3/3
   757 | D:1      | Found a faded altar of an unknown god.
  1097 | D:2      | Identified the +4 spear "Xozo Qyo" {freeze, rN++ Will+
                  | Dex+4}
  1217 | D:2      | Reached XP level 4. HP: 26/31 MP: 4/4
  1875 | D:3      | Found a sacrificial altar of Ru.
  2016 | D:3      | Noticed Robin
  2063 | D:3      | Reached XP level 5. HP: 13/36 MP: 5/5
  2545 | D:3      | Killed Robin
  2912 | D:4      | Found a one-way gate to the infinite horrors of the Abyss.
  2918 | D:4      | Found a corrupted altar of Lugonu.
  3206 | D:4      | Noticed an ogre
  3219 | D:4      | Killed an ogre
  3220 | D:4      | Reached skill level 6 in Stealth
  3220 | D:4      | Reached XP level 6. HP: 42/42 MP: 6/6
  3232 | D:4      | Found a blossoming altar of Fedhas.
  3234 | D:4      | Found a shimmering altar of Xom.
  3249 | D:4      | Noticed Natasha
  3261 | D:4      | Killed Natasha
  3269 | D:4      | Noticed Menkaure
  3291 | D:4      | Slain by Menkaure

Illustrated notes

Levels and vault maps discovered:
D:1:      mushboom_english_gardens, layout_basic,
          hellmonk_ecumenical_altar_inner_sanctum
D:2:      layout_loops_cross
D:3:      layout_basic, old_standard_altar, minmay_starry_boxes, uniq_robin
D:4:      layout_cave_pools, nicolae_overflow_squiral,
          amcnicky_altar_lugonu_corruption, uniq_natasha, uniq_edmund,
          uniq_crazy_yiuf_cottage, uniq_menkaure

Skill      XL: |  1  2  3  4  5  6 |
---------------+-------------------+-----
Dodging        | 2 3 |  3.6
Fighting       | 3 |  3.3
Short Blades   | 3 4 |  4.0
Stealth        | 6 |  6.3
Throwing       | |  2.0

Action                   |  1- 3 |  4- 6 || total
-------------------------+-------+-------++-------
Melee: Dagger            |    24 |       ||    24
       Constrict         |     9 |    27 ||    36
       Tentacles         |     7 |    22 ||    29
       Spear             |     8 |    20 ||    28
       Short sword       |       |    96 ||    96
       Punch             |       |     4 ||     4
Throw: Dart              |    65 |    26 ||    91
       Boomerang         |     6 |     3 ||     9
  Use: Potion            |       |     3 ||     3
 Stab: Sleeping          |     3 |    15 ||    18
Armor: Skin              |     6 |     8 ||    14
Dodge: Dodged            |    28 |    51 ||    79

Table legend: (Time is in decaauts)
 A = Elapsed time spent in this place.
 B = Non-inter-level travel time spent in this place.
 C = Inter-level travel time spent in this place.
 D = Time resting spent in this place.
 E = Time spent auto-exploring this place.
 F = Levels seen in this place.
 G = Mean time per level.
                   A        B        C        D        E       F      G
               +--------+--------+--------+--------+--------+-----+--------+
         Total |   3238 |   3019 |    219 |      0 |   2398 |   4 |  809.5 |
       Dungeon |   3238 |   3019 |    219 |      0 |   2398 |   4 |  809.5 |
               +--------+--------+--------+--------+--------+-----+--------+

Top non-repeatable levels by time:
     D:3: 1199 daAuts
     D:2: 818 daAuts
     D:1: 768 daAuts
     D:4: 452 daAuts
